 Dungeon Crawl Stone Soup version 0.30-a0-439-g9e77e4d916 (webtiles) character file.

Game seed: 4190275087063652482

1195 oldriver the Magician (level 8, -4/64 HPs)
             Began as a Mummy Necromancer on Dec 11, 2022.
             Was an Initiate of Vehumet.
             Slain by a killer bee (5 damage)
             ... on level 6 of the Dungeon.
             The game lasted 00:10:34 (7643 turns).

oldriver the Magician (Mummy Necromancer)           Turns: 7643, Time: 00:10:34

Health: -4/64      AC:  3    Str: 11    XL:     8   Next: 20%
Magic:  15/19      EV: 12    Int: 17    God:    Vehumet [......]
Gold:   320        SH:  0    Dex: 12    Spells: 9/22 levels left

rFire   x . .      SeeInvis .    g - +2 spear (vamp)
rCold   + . .      Faith    +    (no shield)
rNeg    + + +      Spirit   .    a - +0 robe
rPois   ∞          Reflect  .    (no helmet)
rElec   .          Harm     .    (no cloak)
rCorr   .          Rampage  .    c - +0 pair of gloves
Will    +....                    (no boots)
Stlth   ++........               (no amulet)
HPRegen 0.30/turn                (no ring)
MPRegen 0.16/turn                (no ring)

@: very slightly contaminated
A: cold resistance 1, negative energy resistance 3, torment resistance 2, heat
vulnerability 1, in touch with death 1, no potions, faith
a: Renounce Religion


You were on level 6 of the Dungeon.
You worshipped Vehumet.
Vehumet was noncommittal.
You visited 2 branches of the dungeon, and saw 8 of its levels.

You collected 320 gold pieces.

Inventory:

Hand Weapons
 g - a +2 vampiric spear (weapon)
Armour
 a - a +0 robe (worn)
 c - a +0 pair of gloves (worn)
Jewellery
 j - a +6 ring of intelligence
Wands
 k - a wand of mindburst (3)
Scrolls
 b - 2 scrolls of magic mapping
 d - 4 scrolls of identify
 e - a scroll of noise
 f - 2 scrolls of teleportation
 h - 2 scrolls of enchant armour
 i - a scroll of brand weapon
 l - a scroll of fear


   Skills:
 + Level 5.8 Fighting
 - Level 1.5 Dodging
 - Level 1.5 Stealth
 + Level 7.6 Spellcasting
 - Level 5.0 Necromancy
 + Level 3.0 Earth Magic


You had 9 spell levels left.
You knew the following spells:

 Your Spells              Type           Power      Damage    Failure   Level
a - Necrotise             Necr           100%       1d9       1%          1
b - Vampiric Draining     Necr           35%        2d8       4%          3
c - Animate Dead          Necr           35%        N/A       14%         4
v - Borgnjor's Vile Clut  Necr/Erth      15%        N/A       50%         5

Your spell library contained the following spells:

 Spells                   Type           Power      Damage    Failure   Level
 Ensorcelled Hibernation  Hex/Ice        12%        N/A       16%         2
 Anguish                  Hex/Necr       11%        N/A       36%         4
 Agony                    Necr           35%        N/A       36%         5
 Alistair's Intoxication  Tmut/Pois      4%         N/A       96%         5
 Eringya's Noxious Bog    Tmut/Pois      3%         N/A       100%        6
 Spider Form              Tmut/Pois      Unusable   N/A       N/A         3

Dungeon Overview and Level Annotations

Branches:
Dungeon (7/15)             Temple (1/1) D:5

Altars:
Ashenzari
Dithmenos
Fedhas
Gozag
Makhleb
Nemelex Xobeh
Okawaru
Qazlal
Sif Muna
Trog
Uskayaw
Vehumet
Wu Jian
Xom

Annotations:
D:3 2 transporters, NinjaNoafa's ghost, amateur FoHu
D:4 1 runed translucent door, Crazy Yiuf


Innate Abilities, Weirdness & Mutations

You are immune to poison.
Your flesh is cold resistant. (rC+)
You are immune to negative energy. (rN+++)
You are immune to unholy pain and torment.
You are vulnerable to heat. (rF-)
You are in touch with the powers of death.
You do not drink.
You have a special connection with the divine. (Faith)


Message History

The killer bee buzzes angrily.
There is a stone staircase leading up here.
The killer bee misses you. The killer bee closely misses you.
The killer bee stings you! x2; The killer bee misses you.
The killer bee closely misses you.
You climb upwards.
There is a stone staircase leading down here.
You feel a surge of power!
The killer bee writhes in agony.
The killer bee barely misses you. The killer bee stings you!
The killer bee stings you but does no damage.
The killer bee barely misses you. The killer bee stings you.
The killer bee closely misses you.
You are too injured to fight recklessly!
You are too injured to fight recklessly!
You are too injured to fight recklessly!
The killer bee stings you.
You barely miss the killer bee. The killer bee stings you.
The killer bee stings you!
* * * LOW HITPOINT WARNING * * *
The killer bee stings you.
* * * LOW HITPOINT WARNING * * *
The killer bee closely misses you. x3
Casting: Necrotise (safe; 1% risk of failure)
Confirm with . or Enter, or press ? or * to list all spells.
Okay, then.
The killer bee attacks as you move away!
The killer bee stings you but does no damage.
The killer bee stings you!
* * * LOW HITPOINT WARNING * * *
Casting: Necrotise (safe; 1% risk of failure)
Confirm with . or Enter, or press ? or * to list all spells.
Aiming: Vampiric Draining (dangerous; 4% risk of failure)
Press: ? - help, Shift-Dir - straight line, f - killer bee, p - killer bee
Aim: a killer bee You feel a surge of power!
You miscast Vampiric Draining.
You are very lightly contaminated with residual magic.
Nothing appears to happen.
The killer bee stings you.
* * * LOW HITPOINT WARNING * * *
The killer bee stings you.
You die...

##.........)#.......####.........
##.................## ###....###
##..[##.##..........## ######
..##.#####..##...##..##
.#.#.#.###...##.####..##
.##....##...##..## ##..######
..#..####...<.#..# ##......##
...### ##..####.# #.......# .###
#..# #@# #...##### #.### #..#
##y## ##..## #...#
#..###yy.###..## ##..#
#............## ##.#
##...........# #..#
#...........## ##.##
##.........### #..# ##..###....##
..## ##..## ##..##


You could see 3 killer bees.

Vanquished Creatures
  An ice beast (D:5)
  A black bear (D:4)
  A centaur (D:6)
  A bullfrog (D:6)
  2 wights (D:6)
  An orc priest (D:3)
  A hound (D:5)
  A jelly (D:6)
  3 iguanas
  Natasha (thrice) (D:2)
  6 gnolls
  9 adders
  A white imp (D:6)
  An ufetubus (D:5)
  4 dart slugs
  25 orcs
  7 bats
  8 endoplasms
  9 giant cockroaches
  10 goblins
  15 hobgoblins
  3 jackals (D:5)
  9 kobolds
  5 quokkas
  11 ball pythons
  2 frilled lizards (D:1)
  5 rats
145 creatures vanquished.

Vanquished Creatures (collateral kills)
  Grinder (D:4)
  A gnoll (D:2)
  An adder (D:4)
  An orc (D:4)
  An endoplasm (D:2)
  A jackal (D:5)
  A rat (D:2)
7 creatures vanquished.

Grand Total: 152 creatures vanquished

Notes
Turn   | Place    | Note
-------+----------+-------------------------------------------
     0 | D:1      | oldriver the Mummy Necromancer began the quest for the Orb.
     0 | D:1      | Reached XP level 1. HP: 13/13 MP: 4/4
   127 | D:1      | Reached skill level 3 in Spellcasting
   189 | D:1      | Reached skill level 1 in Fighting
   227 | D:1      | Reached XP level 2. HP: 21/21 MP: 1/6
   771 | D:1      | Gained mutation: You are in touch with the powers of death.
                  | [Mummy growth]
   771 | D:1      | Reached XP level 3. HP: 27/27 MP: 4/8
  1325 | D:2      | Reached skill level 4 in Spellcasting
  1494 | D:1      | Reached XP level 4. HP: 11/34 MP: 3/10
  1498 | D:1      | Learned a level 3 spell: Vampiric Draining
  1503 | D:1      | Learned a level 4 spell: Animate Dead
  2264 | D:2      | Reached XP level 5. HP: 15/41 MP: 0/12
  2333 | D:2      | Reached skill level 5 in Spellcasting
  2916 | D:3      | Found a transporter.
  2919 | D:3      | Noticed NinjaNoafa's ghost (amateur FoHu)
  2920 | D:3      | Found a transporter.
  3146 | D:3      | Noticed Natasha
  3158 | D:2      | Killed Natasha
  3164 | D:2      | Noticed Natasha
  3167 | D:2      | Killed Natasha
  3360 | D:2      | Noticed Natasha
  3366 | D:2      | Killed Natasha
  3602 | D:3      | Reached XP level 6. HP: 48/48 MP: 11/14
  3669 | D:3      | Found a hide-covered altar of Uskayaw.
  3785 | D:3      | Found a shadowy altar of Dithmenos.
  3914 | D:3      | Reached skill level 6 in Spellcasting
  4261 | D:4      | Learned a level 5 spell: Borgnjor's Vile Clutch
  4584 | D:4      | Noticed Grinder
  4588 | D:4      | Reached skill level 1 in Earth Magic
  4600 | D:4      | Paralysed by Grinder for 2 turns
  4603 | D:4      | Killed Grinder
  4604 | D:4      | Reached XP level 7. HP: 9/55 MP: 7/17
  5005 | D:4      | Found a runed translucent door.
  5006 | D:4      | Noticed Crazy Yiuf
  5103 | D:4      | Found an iron altar of Okawaru.
  5344 | D:5      | Entered Level 5 of the Dungeon
  5353 | D:5      | Reached skill level 5 in Fighting
  5575 | D:5      | Found a staircase to the Ecumenical Temple.
  5584 | Temple   | Entered the Ecumenical Temple
  5795 | Temple   | Became a worshipper of Vehumet
  5841 | D:5      | Identified the +5 dagger of the Dowdy God {spect, rPois}
  6163 | D:5      | Reached skill level 7 in Spellcasting
  6163 | D:5      | Reached skill level 5 in Necromancy
  6470 | D:6      | Reached XP level 8. HP: 44/63 MP: 1/19
  7643 | D:6      | HP: 1/64 [killer bee (4)]
  7643 | D:6      | Slain by a killer bee

Illustrated notes

Levels and vault maps discovered:
D:1:      shiori_arrival_maze, layout_loops_ring, minmay_misc_feat_alley
D:2:      minmay_diamond_boxcup, layout_loops_ring, st_stairs_5, minivault_4
D:3:      layout_loops_ring, mainiacjoe_overflow_catch_the_wave,
          gammafunk_ghost_mausoleum, guppyfry_early_orc_mine, uniq_natasha
D:4:      layout_rooms, lemuel_coloured_pillars_altar, uniq_grinder,
          uniq_crazy_yiuf_cottage
D:5:      layout_loops_ring, minmay_temple_entry_waves,
          kennysheep_pointless_box, st_stairs_8
D:6:      layout_layer_cave
D:7:      layout_loops_ring, kennysheep_ying_yang,
          mainiacjoe_overflow_small_starburst, serial_park_tiny_1,
          hangedman_feature_mirror
Temple:   nicolae_temple_figure_eight

Skill      XL: |  1  2  3  4  5  6  7  8 |
---------------+-------------------------+-----
Spellcasting   | 3 4 5 6 7 |  7.6
Fighting       | 1 2 3 4 5 |  5.8
Earth Magic    | 1 2 3 |  3.0
Necromancy     | 5 |  5.0
Dodging        | |  1.5
Stealth        | |  1.5

Action                   |  1- 3 |  4- 6 |  7- 9 || total
-------------------------+-------+-------+-------++-------
Melee: Unarmed           |    11 |       |       ||    11
       Spear             |       |    31 |    32 ||    63
 Cast: Necrotise         |    71 |   159 |    62 ||   292
       Vampiric Draining |       |     4 |    11 ||    15
  Use: Scroll            |       |     4 |     2 ||     6
Armor: Robe              |     6 |    16 |    12 ||    34
Dodge: Dodged            |    20 |    57 |    58 ||   135

Table legend: (Time is in decaauts)
 A = Elapsed time spent in this place.
 B = Non-inter-level travel time spent in this place.
 C = Inter-level travel time spent in this place.
 D = Time resting spent in this place.
 E = Time spent auto-exploring this place.
 F = Levels seen in this place.
 G = Mean time per level.
                   A        B        C        D        E       F      G
               +--------+--------+--------+--------+--------+-----+--------+
         Total |   7653 |   7392 |    261 |    939 |   5472 |   8 |  956.6 |
       Dungeon |   7418 |   7170 |    248 |    939 |   5267 |   7 | 1059.7 |
        Temple |    234 |    221 |     13 |      0 |    205 |   1 |  234.0 |
               +--------+--------+--------+--------+--------+-----+--------+

Top non-repeatable levels by time:
     D:2: 1641 daAuts
     D:1: 1463 daAuts
     D:4: 1218 daAuts
     D:6: 1197 daAuts
     D:3: 1027 daAuts
     D:5: 862 daAuts
  Temple: 234 daAuts
     D:7: 9 daAuts
